 Dungeon Crawl Stone Soup version 0.18.1-6-gd335043 (webtiles) character file.

167 Jerry the Covered (level 5, -1/42 HPs)
             Began as a Demigod Fighter on May 17, 2016.
             Slain by a gnoll
             ... wielding a +0 flail
              (3 damage)
             ... on level 3 of the Dungeon.
             The game lasted 00:06:32 (2014 turns).

Jerry the Covered (Demigod Fighter)                 Turns: 2014, Time: 00:06:33

Health: -1/42      AC:  8    Str: 21    XL:     5   Next: 2%
Magic:  7/7        EV:  7    Int: 12    God:
Gold:   119        SH:  9    Dex: 15    Spells: 0 memorised, 4 levels left

rFire  . . .     SeeInvis +     u - +2 trident (flame)
rCold  . . .     Gourm    .     b - +0 scale mail
rNeg   . . .     Faith    .     c - +0 shield
rPois  .         Spirit   .     (no helmet)
rElec  .         Dismiss  .     (no cloak)
rCorr  .         Reflect  .     p - +0 pair of gloves
SustAt +         Harm     .     (no boots)
MR     .....                    (no amulet)
Stlth  ..........               (no ring)
                                r - ring of see invisible

@: not resistant to hostile enchantments, extremely unstealthy
A: high mp 1, sustain attributes
a: no special abilities


You were on level 3 of the Dungeon.
You were not hungry.

You visited 1 branch of the dungeon, and saw 4 of its levels.

You collected 119 gold pieces.

Inventory:

Hand Weapons
 a - a +0 flail
 u - a +2 trident of flaming (weapon)
Armour
 b - a +0 scale mail (worn)
 c - a +0 shield (worn)
 p - a +0 pair of gloves (worn)
Jewellery
 r - a ring of see invisible (left hand)
Scrolls
 e - 3 scrolls of identify {unknown}
 h - 3 scrolls of enchant armour {unknown}
 i - 2 scrolls of immolation {unknown}
 k - a scroll of remove curse {unknown}
 n - a scroll of blinking {unknown}
Potions
 d - a potion of might
 j - 3 potions of lignification {unknown}
 l - a potion of invisibility {unknown}
 s - a potion of haste {unknown}
 t - 3 potions of berserk rage {unknown}
 v - a potion of degeneration {unknown}
Miscellaneous
 o - a plain deck of summoning
Comestibles
 f - 5 bread rations
 g - 5 fruits
 m - a beef jerky
 q - 2 chunks of flesh


   Skills:
 - Level 2.6 Fighting
 + Level 3.4 Maces & Flails
 + Level 4.4 Armour
 - Level 2.6 Shields


You had 4 spell levels left.
You didn't know any spells.

Dungeon Overview and Level Annotations

Branches:
Dungeon (4/15)
 Temple: D:4-7


Innate Abilities, Weirdness & Mutations

You have an increased reservoir of magic (+10% MP).
Your attributes are resistant to harm.


Message History

The gnoll hits you with a flail.
* * * LOW HITPOINT WARNING * * *
You closely miss the gnoll.
The gnoll is heavily wounded.
The gnoll hits you with a flail!
* * * LOW HITPOINT WARNING * * *
The gnoll hits you with a flail.
* * * LOW HITPOINT WARNING * * *
Drink which item? (? for menu, Esc to quit)
Okay, then.
You hit the gnoll. You burn the gnoll.
The gnoll is almost dead.
You block the gnoll's attack. The gnoll hits you but does no damage.
You completely miss the gnoll.
The gnoll is almost dead.
The gnoll hits you but does no damage.
You completely miss the gnoll.
The gnoll is almost dead.
The gnoll hits you with a flail.
You die...

########.......###...###
#........###............
#.######.# #....##....##
#.######.###.##.###.#.#
#.##........###.###†#.#
##.##.##....<........#.##
#..##.##.#...............
#.###.##g##..###.#.#.#.##
#.# #.##@##..###.#.#.#.#
#.###.##.##..##........#
#.##.#.#.##............#
#.#.###..#..###....).<##
#..## ##.....###.#.#.##
###>###..#.#.###.#.#.#
##.#.#.#.#.........#
##.##....###..#####
##.##.........#


You could see a gnoll.

Vanquished Creatures
  A worker ant (D:4)
  3 adders (D:2)
  4 gnolls (D:4)
  2 oozes (D:2)
  3 dart slugs
  3 worms
  2 giant geckos
  A giant cockroach (D:2)
  5 goblins
  9 hobgoblins
  4 jackals (D:4)
  4 kobolds (D:2)
  2 quokkas
  2 bats (D:1)
  A giant gecko skeleton (D:3)
  5 giant newts
  9 rats
60 creatures vanquished.

Notes
Turn   | Place    | Note
--------------------------------------------------------------
     0 | D:1      | Jerry the Demigod Fighter began the quest for the Orb.
     0 | D:1      | Reached XP level 1. HP: 18/18 MP: 3/3
   127 | D:1      | Reached skill level 3 in Armour
   177 | D:1      | Reached XP level 2. HP: 25/25 MP: 4/4
   651 | D:2      | Reached XP level 3. HP: 30/30 MP: 5/5
   803 | D:2      | Found a white marble altar of Elyvilon.
   997 | D:2      | Reached XP level 4. HP: 27/37 MP: 6/6
  1109 | D:2      | Reached skill level 4 in Armour
  1987 | D:4      | Reached XP level 5. HP: 39/42 MP: 7/7
  2011 | D:3      | HP: 2/42 [gnoll/flail (2)]
  2014 | D:3      | Slain by a gnoll

Skill      XL: |  1  2  3  4 |
---------------+-------------+-----
Maces & Flails | 2 3 |  3.4
Armour         | 3 4 |  4.4
Fighting       | |  2.6
Shields        | |  2.6

Action                   |  1- 3 |  4- 6 || total
-------------------------+-------+-------++-------
Melee: Flail             |   130 |    22 ||   152
       Trident           |       |    45 ||    45
  Eat: Chunk             |     1 |     3 ||     4
Armor: Scale mail        |    53 |    20 ||    73
Dodge: Dodged            |    34 |    16 ||    50
Block: Shield            |    69 |    34 ||   103
